 Dungeon Crawl Stone Soup version 0.25.1-2-g60ff931df9 (webtiles) character file.

Game seed: 8923498526970147630

9176 Gabide the Cleaver (level 11, 0/84 HPs)
             Began as a Demonspawn Gladiator on Aug 6, 2020.
             Was a Priest of Ashenzari.
             Slain by a two-headed ogre
             ... wielding a +0 giant spiked club
              (7 damage)
             ... on level 10 of the Dungeon.
             The game lasted 00:41:02 (12035 turns).

Gabide the Cleaver (Demonspawn Gladiator)          Turns: 12035, Time: 00:41:02

Health: 0/84       AC: 31    Str: 21    XL:     11   Next: 19%
Magic:  11/11      EV: 10    Int: 10    God:    Ashenzari [***...]
Gold:   263        SH:  5    Dex: 14    Spells: 10/10 levels left

rFire    . . .     SeeInvis +   a - +3 war axe (curse)
rCold    + . .     Gourm    .   j - +0 buckler
rNeg     + + .     Faith    .   F - +0 chain mail "Jewnapo Zemu" {rC+ rN+ Str+3} (curse)
rPois    +         Spirit   .   c - +0 helmet
rElec    .         Reflect  .   t - +0 cloak (curse)
rCorr    .         Harm     .   r - +1 pair of gloves (curse)
MR       .....                  G - +2 pair of boots (curse)
Stlth    ..........             n - amulet of magic regeneration
HPRegen  0.24/turn              D - ring of positive energy
MPRegen  0.37/turn              E - ring of poison resistance (curse)

@: sanguine armour
A: talons 2, sanguine armour 3
a: Curse Item, Scrying, Renounce Religion


You were on level 10 of the Dungeon.
You worshipped Ashenzari.
Ashenzari was most pleased with you.
You were not hungry.

You visited 2 branches of the dungeon, and saw 11 of its levels.
You also visited: Ossuary.

You collected 695 gold pieces.
You spent 432 gold pieces at shops.

Inventory:

Hand Weapons
 a - a cursed +3 war axe (weapon)
Missiles
 g - 298 stones
 q - 33 poisoned darts (quivered)
Armour
 c - a +0 helmet (worn)
 i - a +1 ring mail
 j - a +0 buckler (worn)
 r - a cursed +1 pair of gloves (worn)
 s - a +0 plate armour
 t - a cursed +0 cloak (worn)
 F - the cursed +0 chain mail "Jewnapo Zemu" (worn) {rC+ rN+ Str+3}
   (You found it on level 6 of the Dungeon)

   It affects your strength (+3).
   It protects you from cold.
   It protects you from negative energy.
   It has a curse placed upon it.
 G - a cursed +2 pair of boots (worn)
Jewellery
 n - an amulet of magic regeneration (around neck)
 D - a ring of positive energy (left hand)
 E - a cursed ring of poison resistance (right hand)
Wands
 o - a wand of polymorph (21)
 y - a wand of random effects (8)
Scrolls
 p - 3 scrolls of teleportation
 u - a scroll of magic mapping
 H - 3 scrolls of amnesia
Potions
 b - 2 potions of invisibility {unknown}
 e - 3 potions of cancellation {unknown}
 h - 2 potions of might {unknown}
 k - 4 potions of flight
 m - a potion of lignification
 v - 2 potions of magic {unknown}
 w - 3 potions of stabbing {unknown}
 z - 4 potions of mutation
 A - 3 potions of curing
 C - a potion of ambrosia {unknown}
 I - 2 potions of haste {unknown}
 J - a potion of berserk rage {unknown}
Comestibles
 f - 18 rations


   Skills:
 + Level 7.5 Fighting
 + Level 12.5(15.0) Axes
 - Level 1.7 Throwing
 + Level 5.1(8.0) Armour
 + Level 4.7 Dodging
 * Level 3.5 Shields


You had 10 spell levels left.
You didn't know any spells.
Your spell library contained the following spells:

 Spells                   Type           Power        Failure   Level  Hunger
 Magic Dart               Conj           #...         96%         1    ##.....
 Blink                    Tloc           N/A          99%         2    ###....
 Call Imp                 Summ           #.......     99%         2    ###....
 Ensorcelled Hibernation  Hex/Ice        #.....       99%         2    ###....
 Slow                     Hex            #.......     99%         2    ###....
 Conjure Flame            Conj/Fire      #.......     100%        3    ####...
 Mephitic Cloud           Conj/Pois/Air  #.......     100%        3    ####...
 Ice Form                 Ice/Tmut       #.......     100%        4    #####..
 Freezing Cloud           Conj/Ice/Air   #.........   100%        6    #######
 Controlled Blink         Tloc           N/A          100%        8    #######


Dungeon Overview and Level Annotations

Branches:
Dungeon (10/15)            Temple (0/1) D:4            Lair (0/6) D:10
    Orc (1/2) D:10        Ossuary (visited)

Altars:
Ashenzari
Cheibriados
Dithmenos
Elyvilon
Fedhas
Hepliaklqana
Nemelex Xobeh
Okawaru
Sif Muna
Uskayaw
Vehumet
Wu Jian

Shops:
D:10 [(   Orc:1 =

Annotations:
D:10 exclusion: oklob plant


Innate Abilities, Weirdness & Mutations

You have razor-sharp toenails.
When seriously injured, your bleeding wounds create very thick armour. (AC +12)


Message History

The two-headed ogre barely misses you. You block the two-headed ogre's attack.
You hit the two-headed ogre.
The two-headed ogre is almost dead.
You hit the two-headed ogre.
The two-headed ogre is almost dead.
The two-headed ogre hits you with a +0 giant spiked club!
The two-headed ogre hits you but does no damage.
You barely miss the two-headed ogre.
The two-headed ogre is almost dead.
You barely miss the two-headed ogre.
The two-headed ogre is almost dead.
The two-headed ogre completely misses you.
The two-headed ogre hits you with a +0 giant club!
* * * LOW HITPOINT WARNING * * *
You hit the two-headed ogre.
The two-headed ogre is almost dead.
The two-headed ogre hits you with a +0 giant spiked club!
* * * LOW HITPOINT WARNING * * *
The two-headed ogre hits you with a +0 giant club!
You die...

............................#....
..O.........................#....
..............#'######......#....
.......##'##..#......#......#....
...O)))#...#..#......#......#....
....>).#...#..#......#.####.###'#
.......#...+..#......#.# #......
.......#####..######+#.# #......
.............OOO@......# #......
######################## #......
#..(... #######


You could see a two-headed ogre and 2 ogres.

Vanquished Creatures
  A two-headed ogre (D:10)
  Pikel (D:5)
  An orc knight (D:10)
  The ghost of harlaan the Thaumaturge, a novice DESu of Sif Muna (D:8)
  Joseph (D:10)
  Grinder (D:3)
  A vampire (D:9)
  Eustachio (D:5)
  8 yaks
  The ghost of Colgate the Stinger, an amateur NaVM of Vehumet (D:3)
  2 hungry ghosts
  4 ice beasts
  2 orc warriors
  2 black bears
  A necrophage (D:8)
  8 ogres
  2 sky beasts
  2 centaurs
  2 big kobolds
  4 bullfrogs
  2 scorpions (D:6)
  11 wights
  10 howler monkeys
  3 crimson imps
  4 quasits (D:8)
  5 jellies
  4 hounds
  2 human zombies (Ossuary)
  A bullfrog zombie (D:7)
  Crazy Yiuf (D:4)
  A centaur skeleton (D:5)
  3 orc priests
  3 bullfrog skeletons
  7 orc wizards
  6 iguanas
  8 worker ants
  2 big kobold zombies (Ossuary)
  A hound zombie (D:5)
  2 hound skeletons (D:8)
  5 mummies (Ossuary)
  14 adders
  6 shadow imps
  An ooze (D:3)
  4 worms
  5 leopard geckos
  27 orcs
  7 bats
  5 giant cockroaches
  5 goblins
  8 hobgoblins
  8 jackals
  7 quokkas
  3 ball pythons
  4 frilled lizards
  2 goblin zombies (Ossuary)
  A hobgoblin zombie (Ossuary)
  17 kobolds
  2 leopard gecko skeletons
  A leopard gecko zombie (D:5)
  An orc zombie (Ossuary)
  2 quokka skeletons
  A quokka zombie (D:5)
  7 rats
265 creatures vanquished.

Vanquished Creatures (others)
  A centaur (D:5)
  A hound (D:5)
  An orc (D:5)
  A quokka (D:8)
4 creatures vanquished.

Grand Total: 269 creatures vanquished

Notes
Turn   | Place    | Note
-------+----------+-------------------------------------------
     0 | D:1      | Gabide the Demonspawn Gladiator began the quest for the
                  | Orb.
     0 | D:1      | Reached XP level 1. HP: 16/16 MP: 1/1
   159 | D:1      | Reached skill level 3 in Axes
   226 | D:1      | Gained mutation: When seriously injured, your bleeding
                  | wounds create armour. (AC +12) [demonic ancestry]
   226 | D:1      | Reached XP level 2. HP: 22/22 MP: 2/2
  1249 | D:2      | Gained mutation: You have sharp toenails. [demonic
                  | ancestry]
  1249 | D:2      | Reached XP level 3. HP: 27/27 MP: 3/3
  2098 | D:3      | Found a blossoming altar of Fedhas.
  2201 | D:3      | Noticed Grinder
  2213 | D:3      | Killed Grinder
  2213 | D:3      | Reached skill level 5 in Axes
  2213 | D:3      | Reached skill level 1 in Armour
  2213 | D:3      | Reached XP level 4. HP: 35/35 MP: 4/4
  2213 | D:3      | Reached XP level 5. HP: 41/41 MP: 5/5
  2231 | D:3      | Found a shattered altar of Ashenzari.
  2238 | D:3      | Reached XP level 6. HP: 47/47 MP: 6/6
  2251 | D:3      | Became a worshipper of Ashenzari the Shackled
  2278 | D:3      | Found a shadowy altar of Dithmenos.
  2344 | D:3      | Noticed Colgate's ghost (amateur NaVM)
  2345 | D:3      | Found a runed translucent gate.
  2345 | D:3      | Found a runed translucent gate.
  2345 | D:3      | Found a runed translucent gate.
  2536 | D:3      | Killed Colgate's ghost
  3054 | D:3      | Reached skill level 6 in Axes
  3123 | D:3      | Found a hide-covered altar of Uskayaw.
  3405 | D:4      | Gained mutation: You have razor-sharp toenails. [demonic
                  | ancestry]
  3405 | D:4      | Reached XP level 7. HP: 26/52 MP: 7/7
  3597 | D:4      | Found a staircase to the Ecumenical Temple.
  3697 | D:4      | Found a radiant altar of Vehumet.
  3788 | D:4      | Found a hazy altar of Hepliaklqana.
  3796 | D:4      | Found an ornate altar of the Wu Jian Council.
  4004 | D:4      | Found a runed translucent door.
  4005 | D:4      | Noticed Crazy Yiuf
  4028 | D:4      | Reached skill level 7 in Axes
  4114 | D:4      | Found a shimmering blue altar of Sif Muna.
  4114 | D:4      | Found an iron altar of Okawaru.
  4158 | D:4      | Found a sparkling altar of Nemelex Xobeh.
  4233 | D:4      | Killed Crazy Yiuf
  4277 | D:5      | Entered Level 5 of the Dungeon
  4386 | D:5      | Found a sand-covered staircase.
  4387 | D:5      | Noticed Pikel
  4401 | D:5      | Killed Pikel
  4401 | D:5      | Reached skill level 8 in Axes
  4401 | D:5      | Gained mutation: When seriously injured, your bleeding
                  | wounds create thick armour. (AC +12) [demonic ancestry]
  4401 | D:5      | Reached XP level 8. HP: 61/61 MP: 8/8
  4430 | Ossuary  | Entered an ossuary
  5115 | D:5      | Noticed Eustachio
  5169 | D:5      | Killed Eustachio
  5468 | D:5      | Reached * piety under Ashenzari
  5561 | D:5      | Reached skill level 5 in Fighting
  5561 | D:5      | Reached skill level 9 in Axes
  5584 | D:5      | Reached XP level 9. HP: 34/68 MP: 9/9
  6679 | D:6      | Reached skill level 10 in Axes
  6926 | D:6      | Got the cursed chain mail "Jewnapo Zemu" {rC+ rN+ Str+3}
  6937 | D:6      | Identified the cursed +0 chain mail "Jewnapo Zemu" {rC+ rN+
                  | Str+3} (You found it on level 6 of the Dungeon)
  7022 | D:6      | Identified the Incunabulum of the Snowflakes and
                  | Dislocation
  7865 | D:7      | Found a shimmering blue altar of Sif Muna.
  8233 | D:8      | Found a white marble altar of Elyvilon.
  8312 | D:8      | Reached skill level 11 in Axes
  8354 | D:8      | Reached XP level 10. HP: 33/76 MP: 10/10
  8691 | D:8      | Found a transporter.
  8749 | D:8      | Noticed harlaan's ghost (novice DESu)
  8774 | D:8      | Found a transporter.
  8825 | D:8      | Reached ** piety under Ashenzari
  9014 | D:8      | Found a snail-covered altar of Cheibriados.
  9216 | D:8      | Killed harlaan's ghost
  9216 | D:8      | Reached skill level 1 in Shields
  9554 | D:9      | Found a flagged portal.
 10446 | D:10     | Entered Level 10 of the Dungeon
 10478 | D:10     | Noticed an orc knight
 10479 | D:10     | Found a staircase to the Orcish Mines.
 10492 | D:10     | Found Niwyar's Armour Shop.
 10540 | D:10     | Killed an orc knight
 10540 | D:10     | Reached skill level 12 in Axes
 10811 | D:10     | Found Buush's Antique Weapon Boutique.
 10815 | D:10     | Bought a +2 pair of boots for 231 gold pieces
 10830 | D:10     | Bought a runed war axe for 201 gold pieces
 10868 | D:10     | Noticed an oklob plant
 10929 | D:10     | Found a staircase to the Lair.
 10985 | D:10     | Noticed Joseph
 10987 | D:10     | Reached skill level 5 in Armour
 11011 | D:10     | Killed Joseph
 11011 | D:10     | Gained mutation: When seriously injured, your bleeding
                  | wounds create very thick armour. (AC +12) [demonic
                  | ancestry]
 11011 | D:10     | Reached XP level 11. HP: 29/84 MP: 11/11
 11360 | D:10     | Reached *** piety under Ashenzari
 11904 | Orc:1    | Entered Level 1 of the Orcish Mines
 11905 | Orc:1    | Found Geirorgh's Jewellery Shoppe.
 11908 | Orc:1    | Noticed a two-headed ogre
 11910 | Orc:1    | Noticed an ogre mage
 11911 | Orc:1    | Noticed a two-headed ogre
 11913 | Orc:1    | Noticed a two-headed ogre
 12023 | D:10     | Killed a two-headed ogre
 12035 | D:10     | Slain by a two-headed ogre

Illustrated notes

Levels and vault maps discovered:
D:1:      ncdulo_wetmaze, layout_basic
D:2:      layout_basic
D:3:      layout_basic, overflow_temple_1_default, ashenzari_altar_1,
          old_standard_altar, fedhas_altar_2, gammafunk_ghost_split,
          first_ration, minmay_between, uniq_grinder
D:4:      layout_basic, kennysheep_little_box, overflow_temple_1_default,
          gammafunk_temple_overflow_elements, vehumet_crystals,
          minmay_temple_entry_antechambers, nemelex_diamond_rough_becter,
          uniq_crazy_yiuf_cottage
D:5:      layout_loops_ring, enter_ossuary_1, uniq_eustachio, uniq_pikel
D:6:      layout_cave_pods
D:7:      layout_cave_pools, serial_rivers, chequers_serial_rivers_small_3,
          chequers_serial_rivers_marsh, chequers_serial_rivers_micro_d,
          chequers_serial_rivers_small_a, chequers_serial_rivers_room_b,
          grunt_ogre_cave, lemuel_blue_sif_altar
D:8:      layout_cave_pools, elyvilon_altar_4, cheibrodos_worm_habitat,
          gammafunk_ghost_stat_death
D:9:      layout_irregular_city, enter_bailey_8
D:10:     layout_irregular_city, dpeg_oklobed_lair, orc_david_3, serial_shops,
          shop, nicolae_shop_stone, uniq_joseph
Orc:1:    layout_diamond_mine, serial_shops, shop, nicolae_shop_trees

Skill      XL: |  1  2  3  4  5  6  7  8  9 10 |
---------------+-------------------------------+-----
Axes           | 3 5 6 8 9 11 12 | 12.5
Dodging        | 3 4 |  4.7
Fighting       | 3 4 5 6 7 |  7.5
Armour         | 1 2 3 4 5 |  5.1
Shields        | 3 |  3.5
Throwing       | |  1.7

Action                   |  1- 3 |  4- 6 |  7- 9 | 10-12 || total
-------------------------+-------+-------+-------+-------++-------
Melee: War axe           |    91 |    76 |   325 |   293 ||   785
       Kick              |    10 |    12 |    91 |    49 ||   162
Throw: Stone             |    24 |       |       |       ||    24
       Throwing net      |     3 |     3 |     1 |     3 ||    10
       Dart              |       |       |    76 |    29 ||   105
Invok: Curse Item        |       |     1 |     1 |     2 ||     4
       Scrying           |       |       |       |     2 ||     2
  Use: Scroll            |    10 |     4 |     5 |     4 ||    23
       Potion            |     1 |     2 |     1 |     4 ||     8
 Stab: Held in net/web   |       |       |       |     2 ||     2
  Eat: Chunk             |     4 |     4 |    11 |    10 ||    29
       Ration            |       |       |     2 |     2 ||     4
Armor: Leather armour    |     2 |       |       |       ||     2
       Ring mail         |    39 |    22 |    64 |       ||   125
       Skin              |       |    18 |     5 |    94 ||   117
       Plate armour      |       |     9 |    14 |       ||    23
       Chain mail        |       |       |    71 |   107 ||   178
Dodge: Dodged            |    76 |    52 |   186 |   111 ||   425
Block: Buckler           |       |       |       |    44 ||    44
